2527 views
Uploaded 2021-10-07 16:37:38
Game version 1.32.10
34:37 long 3on3 ladder game on (6)Monsoon_LV
Saved by xzz
2527 views
Uploaded 2021-10-07 16:37:38
Game version 1.32.10
34:37 long 3on3 ladder game on (6)Monsoon_LV


205 units @ 32.5k
/ 5.8k
89 buildings @ 11.7k
/ 5.2k


| Lesser Clarity Potion | 1 | 70 |
| Scroll of Regeneration | 2 | 200 |
| Potion of Healing | 2 | 300 |
| Orb of Fire | 1 | 325 |
| Scroll of Healing | 1 | 250 |
| Scroll of Town Portal | 2 | 700 |
| Potion of Lesser Invulnerability | 1 | 150 |
| Scroll of Protection | 1 | 150 |
| total: | 11 | 2145g |
| Peasant | 29 | 2175 | / | 0 |
| Rifleman | 11 | 2255 | / | 330 |
| Dragonhawk Rider | 10 | 2000 | / | 300 |
| Gryphon Rider | 2 | 560 | / | 140 |
| Siege Engine | 7 | 1365 | / | 420 |
| Mortar Team | 3 | 540 | / | 210 |
| total: | 62 | 8895g | / | 1400w |
| Scout Tower | 12 | 360 | / | 240 |
| Arcane Tower | 2 | 140 | / | 100 |
| Guard Tower | 8 | 560 | / | 400 |
| Blacksmith | 1 | 140 | / | 60 |
| Barracks | 2 | 320 | / | 120 |
| Farm | 13 | 1040 | / | 260 |
| Altar of Kings | 1 | 180 | / | 50 |
| Lumber Mill | 2 | 240 | / | 0 |
| Arcane Vault | 1 | 130 | / | 30 |
| Town Hall | 5 | 1925 | / | 1025 |
| Arcane Sanctum | 1 | 150 | / | 140 |
| Gryphon Aviary | 3 | 420 | / | 450 |
| Workshop | 2 | 280 | / | 280 |
| Keep | 1 | 320 | / | 210 |
| Castle | 1 | 360 | / | 210 |
| total: | 43 | 5185g | / | 2655w |
| 0:03 | Peasant |
| 0:04 | Peasant |
| 0:04 | Peasant |
| 0:04 | Peasant |
| 0:40 | Blacksmith |
| 0:44 | Barracks |
| 0:50 | Farm |
| 0:55 | Altar of Kings |
| 1:06 | Peasant |
| 1:16 | Farm |
| 1:24 | Peasant |
| 1:33 | Peasant |
| 1:41 | Peasant |
| 2:02 | Farm |
| 2:09 | Rifleman |
| 2:16 | Peasant |
| 2:28 | Peasant |
| 2:36 | Lumber Mill |
| 2:41 | Lumber Mill |
| 2:44 | Farm |
| 3:04 | Rifleman |
| 3:09 | Holy Light |
| 3:13 | Peasant |
| 3:31 | Rifleman |
| 3:42 | Peasant |
| 3:58 | Rifleman |
| 4:21 | Devotion Aura |
| 4:27 | Peasant |
| 4:27 | Peasant |
| 4:47 | Farm |
| 4:59 | Arcane Vault |
| 5:21 | Improved Lumber Harvesting |
| 5:22 | Improved Masonry |
| 5:50 | Holy Light |
| 5:59 | Town Hall |
| 6:04 | Scout Tower |
| 6:05 | Scout Tower |
| 6:06 | Scout Tower |
| 6:07 | Scout Tower |
| 6:08 | Scout Tower |
| 6:24 | Keep |
| 6:48 | Rifleman |
| 7:29 | Rifleman |
| 7:31 | Iron Forged Swords |
| 7:36 | Barracks |
| 8:00 | Arcane Tower |
| 8:02 | Guard Tower |
| 8:15 | Rifleman |
| 8:19 | Farm |
| 8:19 | Farm |
| 8:20 | Farm |
| 8:21 | Guard Tower |
| 8:54 | Arcane Sanctum |
| 8:55 | Castle |
| 9:06 | Lesser Clarity Potion |
| 9:08 | Scroll of Regeneration |
| 9:18 | Potion of Healing |
| 9:31 | Advanced Lumber Harvesting |
| 9:34 | Gryphon Aviary |
| 9:35 | Gryphon Aviary |
| 9:55 | Potion of Healing |
| 10:31 | Farm |
| 10:31 | Farm |
| 10:40 | Scout Tower |
| 10:40 | Scout Tower |
| 11:00 | Devotion Aura |
| 11:09 | Gryphon Aviary |
| 11:22 | Blizzard |
| 11:25 | Guard Tower |
| 12:19 | Potion of Lesser Invulnerability |
| 12:26 | Scroll of Protection |
| 12:26 | Scroll of Healing |
| 12:54 | Brilliance Aura |
| 13:06 | Scroll of Town Portal |
| 13:12 | Dragonhawk Rider |
| 13:13 | Gryphon Rider |
| 13:18 | Farm |
| 13:20 | Farm |
| 13:22 | Peasant |
| 13:22 | Peasant |
| 13:22 | Peasant |
| 13:47 | Rifleman |
| 13:48 | Long Rifles |
| 13:50 | Dragonhawk Rider |
| 13:50 | Gryphon Rider |
| 15:03 | Dragonhawk Rider |
| 15:05 | Rifleman |
| 15:06 | Arcane Tower |
| 15:18 | Scroll of Regeneration |
| 15:22 | Scroll of Town Portal |
| 15:28 | Town Hall |
| 15:40 | Rifleman |
| 15:44 | Blizzard |
| 16:11 | Dragonhawk Rider |
| 16:34 | Farm |
| 16:48 | Dragonhawk Rider |
| 17:32 | Holy Light |
| 18:37 | Dragonhawk Rider |
| 18:39 | Cloud |
| 18:40 | Rifleman |
| 18:42 | Black Gunpowder |
| 19:24 | Town Hall |
| 20:15 | Brilliance Aura |
| 21:32 | Workshop |
| 21:32 | Workshop |
| 23:03 | Resurrection |
| 23:24 | Siege Engine |
| 23:25 | Siege Engine |
| 23:32 | Town Hall |
| 23:34 | Scout Tower |
| 23:34 | Scout Tower |
| 23:35 | Scout Tower |
| 23:35 | Scout Tower |
| 23:38 | Scout Tower |
| 23:58 | Dragonhawk Rider |
| 24:02 | Blizzard |
| 24:12 | Guard Tower |
| 24:35 | Guard Tower |
| 24:45 | Siege Engine |
| 25:05 | Guard Tower |
| 25:19 | Dragonhawk Rider |
| 25:28 | Guard Tower |
| 25:36 | Advanced Masonry |
| 26:24 | Guard Tower |
| 26:25 | Peasant |
| 26:25 | Peasant |
| 26:25 | Peasant |
| 26:42 | Siege Engine |
| 26:47 | Peasant |
| 26:47 | Peasant |
| 26:47 | Peasant |
| 26:47 | Peasant |
| 26:47 | Peasant |
| 26:47 | Peasant |
| 26:55 | Peasant |
| 26:55 | Peasant |
| 26:55 | Peasant |
| 28:08 | Mortar Team |
| 28:08 | Siege Engine |
| 28:41 | Dragonhawk Rider |
| 28:44 | Siege Engine |
| 28:44 | Mortar Team |
| 31:12 | Mass Teleport |
| 31:29 | Siege Engine |
| 31:29 | Mortar Team |
| 31:48 | Devotion Aura |
| 31:57 | Devotion Aura |
| 33:29 | Town Hall |
| 33:39 | Orb of Fire |
| 33:45 | Dragonhawk Rider |
| Right click | 884 |
| Select group | 550 |
| Select | 471 |
| Assign group | 137 |
| Build/train/purchase | 118 |
| Use ability | 80 |
| Misc. action | 44 |
| Item give/drop | 7 |
| Resource trade | 7 |
| Minimap ping | 6 |
| Remove unit | 3 |



| Scroll of Regeneration | 1 | 100 |
| Potion of Healing | 5 | 750 |
| Ivory Tower | 1 | 40 |
| Staff of Sanctuary | 1 | 250 |
| Orb of Fire | 2 | 650 |
| Lesser Clarity Potion | 1 | 70 |
| Scroll of Town Portal | 4 | 1400 |
| total: | 15 | 3260g |
| Peasant | 19 | 1425 | / | 0 |
| Footman | 4 | 540 | / | 0 |
| Sorceress | 11 | 1705 | / | 220 |
| Knight | 18 | 4410 | / | 1080 |
| Flying Machine | 4 | 400 | / | 120 |
| Siege Engine | 14 | 2730 | / | 840 |
| Dragonhawk Rider | 6 | 1200 | / | 180 |
| Spell Breaker | 3 | 645 | / | 90 |
| total: | 79 | 13055g | / | 2530w |
| Scout Tower | 2 | 60 | / | 40 |
| Guard Tower | 3 | 210 | / | 150 |
| Altar of Kings | 1 | 180 | / | 50 |
| Farm | 12 | 960 | / | 240 |
| Barracks | 1 | 160 | / | 60 |
| Arcane Vault | 1 | 130 | / | 30 |
| Lumber Mill | 2 | 240 | / | 0 |
| Town Hall | 1 | 385 | / | 205 |
| Blacksmith | 1 | 140 | / | 60 |
| Arcane Sanctum | 1 | 150 | / | 140 |
| Workshop | 1 | 140 | / | 140 |
| Gryphon Aviary | 1 | 140 | / | 150 |
| Keep | 1 | 320 | / | 210 |
| Castle | 1 | 360 | / | 210 |
| total: | 24 | 2685g | / | 1115w |
| 0:02 | Peasant |
| 0:03 | Peasant |
| 0:08 | Altar of Kings |
| 0:12 | Farm |
| 0:19 | Barracks |
| 0:36 | Peasant |
| 0:36 | Peasant |
| 0:57 | Farm |
| 1:02 | Peasant |
| 1:16 | Peasant |
| 1:23 | Footman |
| 1:36 | Peasant |
| 1:43 | Peasant |
| 1:51 | Farm |
| 1:59 | Footman |
| 2:09 | Summon Water Elemental |
| 2:13 | Peasant |
| 2:14 | Peasant |
| 2:34 | Peasant |
| 3:04 | Keep |
| 3:06 | Footman |
| 3:25 | Footman |
| 3:31 | Brilliance Aura |
| 3:40 | Arcane Vault |
| 4:29 | Farm |
| 4:30 | Farm |
| 4:34 | Lumber Mill |
| 5:27 | Summon Water Elemental |
| 5:30 | Castle |
| 5:36 | Town Hall |
| 5:48 | Improved Masonry |
| 5:52 | Arcane Sanctum |
| 5:55 | Scroll of Regeneration |
| 6:13 | Blacksmith |
| 7:04 | Sorceress |
| 7:05 | Sorceress Adept Training |
| 7:26 | Peasant |
| 7:26 | Peasant |
| 7:31 | Potion of Healing |
| 7:32 | Ivory Tower |
| 8:01 | Storm Bolt |
| 8:15 | Knight |
| 8:16 | Animal War Training |
| 8:19 | Potion of Healing |
| 8:34 | Peasant |
| 8:35 | Peasant |
| 8:35 | Peasant |
| 8:50 | Scout Tower |
| 8:57 | Sorceress Master Training |
| 8:57 | Sorceress |
| 9:10 | Advanced Masonry |
| 9:28 | Workshop |
| 9:51 | Knight |
| 10:03 | Scroll of Town Portal |
| 10:11 | Staff of Sanctuary |
| 10:18 | Guard Tower |
| 10:42 | Knight |
| 10:42 | Knight |
| 10:51 | Knight |
| 11:19 | Flying Machine |
| 11:24 | Guard Tower |
| 11:40 | Flak Cannons |
| 11:40 | Flying Machine |
| 11:40 | Flying Machine |
| 11:53 | Imbued Masonry |
| 12:22 | Barrage |
| 12:23 | Siege Engine |
| 12:33 | Brilliance Aura |
| 12:38 | Holy Light |
| 12:51 | Bash |
| 13:55 | Farm |
| 13:56 | Farm |
| 14:10 | Sorceress |
| 14:29 | Orb of Fire |
| 14:30 | Potion of Healing |
| 14:49 | Scout Tower |
| 14:50 | Peasant |
| 14:51 | Peasant |
| 14:59 | Knight |
| 15:02 | Siege Engine |
| 15:03 | Black Gunpowder |
| 15:08 | Gryphon Aviary |
| 15:13 | Scroll of Town Portal |
| 15:19 | Lesser Clarity Potion |
| 15:27 | Peasant |
| 15:58 | Siege Engine |
| 16:20 | Divine Shield |
| 16:34 | Guard Tower |
| 17:01 | Dragonhawk Rider |
| 17:04 | Refined Gunpowder |
| 17:10 | Orb of Fire |
| 17:30 | Farm |
| 17:31 | Farm |
| 18:06 | Storm Bolt |
| 18:33 | Knight |
| 18:34 | Siege Engine |
| 18:35 | Sorceress |
| 18:36 | Dragonhawk Rider |
| 19:16 | Knight |
| 19:16 | Siege Engine |
| 19:17 | Sorceress |
| 19:26 | Summon Water Elemental |
| 19:28 | Holy Light |
| 19:48 | Siege Engine |
| 21:11 | Knight |
| 21:14 | Iron Plating |
| 21:19 | Farm |
| 21:20 | Farm |
| 21:24 | Lumber Mill |
| 21:26 | Scroll of Town Portal |
| 21:27 | Potion of Healing |
| 21:46 | Flying Machine |
| 21:46 | Siege Engine |
| 22:39 | Cloud |
| 22:39 | Dragonhawk Rider |
| 23:16 | Imbued Gunpowder |
| 23:18 | Sorceress |
| 23:52 | Bash |
| 23:58 | Dragonhawk Rider |
| 24:13 | Farm |
| 25:12 | Knight |
| 26:34 | Steel Plating |
| 26:35 | Siege Engine |
| 26:39 | Magic Sentry |
| 27:33 | Knight |
| 27:33 | Siege Engine |
| 28:24 | Devotion Aura |
| 28:31 | Scroll of Town Portal |
| 28:34 | Potion of Healing |
| 28:58 | Dragonhawk Rider |
| 28:59 | Siege Engine |
| 29:00 | Mithril Plating |
| 29:01 | Sorceress |
| 29:03 | Knight |
| 30:37 | Mass Teleport |
| 30:49 | Storm Bolt |
| 30:50 | Knight |
| 30:50 | Knight |
| 31:19 | Knight |
| 31:20 | Siege Engine |
| 31:20 | Sorceress |
| 31:21 | Spell Breaker |
| 32:05 | Knight |
| 32:06 | Siege Engine |
| 32:06 | Sorceress |
| 32:07 | Spell Breaker |
| 32:22 | Holy Light |
| 32:50 | Knight |
| 32:50 | Siege Engine |
| 32:51 | Sorceress |
| 32:51 | Spell Breaker |
| 32:52 | Dragonhawk Rider |
| 33:28 | Knight |
| 33:28 | Siege Engine |
| 33:29 | Sorceress |
| Select group | 690 |
| Select | 496 |
| Right click | 463 |
| Misc. action | 402 |
| Build/train/purchase | 210 |
| Use ability | 95 |
| Assign group | 44 |
| Item give/drop | 4 |
| Remove unit | 2 |
| Minimap ping | 1 |


x1)
| Healing Salve | 3 | 300 |
| Lesser Clarity Potion | 2 | 140 |
| Scroll of Speed | 1 | 50 |
| Tiny Great Hall | 1 | 600 |
| Orb of Lightning | 1 | 375 |
| Scroll of Town Portal | 1 | 350 |
| Staff of Teleportation | 1 | 150 |
| Potion of Lesser Invulnerability | 2 | 300 |
| Tome of Retraining | 1 | 300 |
| Boots of Speed | 1 | 250 |
| total: | 14 | 2815g |
| Peon | 18 | 1350 | / | 0 |
| Wind Rider | 18 | 4770 | / | 720 |
| Troll Batrider | 28 | 4480 | / | 1120 |
| total: | 64 | 10600g | / | 1840w |
| Watch Tower | 2 | 220 | / | 160 |
| Altar of Storms | 1 | 180 | / | 50 |
| Orc Burrow | 13 | 2080 | / | 520 |
| Voodoo Lounge | 1 | 130 | / | 30 |
| War Mill | 1 | 205 | / | 0 |
| Great Hall | 2 | 770 | / | 370 |
| Beastiary | 2 | 290 | / | 280 |
| Stronghold | 2 | 630 | / | 380 |
| Fortress | 1 | 325 | / | 190 |
| total: | 22 | 3875g | / | 1410w |
| 0:02 | Peon |
| 0:03 | Peon |
| 0:08 | Altar of Storms |
| 0:09 | Peon |
| 0:26 | Orc Burrow |
| 0:34 | Peon |
| 0:38 | Voodoo Lounge |
| 0:42 | Peon |
| 0:49 | Peon |
| 0:49 | Peon |
| 1:04 | Peon |
| 1:20 | Peon |
| 1:24 | Peon |
| 2:03 | Stronghold |
| 2:15 | Healing Salve |
| 2:15 | Healing Salve |
| 2:15 | Lesser Clarity Potion |
| 2:16 | Scroll of Speed |
| 2:22 | Wind Walk |
| 2:29 | Orc Burrow |
| 2:32 | War Mill |
| 3:50 | Orc Burrow |
| 4:23 | Fortress |
| 4:27 | Beastiary |
| 4:29 | Beastiary |
| 4:33 | Orc Burrow |
| 5:45 | Wind Rider |
| 5:56 | Wind Rider |
| 5:56 | Wind Rider |
| 6:23 | Wind Rider |
| 7:02 | Wind Rider |
| 7:03 | Envenomed Spears |
| 7:09 | War Stomp |
| 7:18 | Critical Strike |
| 7:23 | Wind Rider |
| 7:48 | Wind Rider |
| 7:48 | Wind Rider |
| 7:55 | Endurance Aura |
| 8:34 | Wind Rider |
| 8:53 | Wind Rider |
| 9:22 | War Stomp |
| 9:24 | Wind Rider |
| 9:26 | Steel Ranged Weapons |
| 10:08 | Orc Burrow |
| 10:09 | Orc Burrow |
| 10:11 | Steel Armor |
| 10:47 | Endurance Aura |
| 11:06 | Wind Rider |
| 11:08 | Thorium Ranged Weapons |
| 11:08 | Arcanite Ranged Weapons |
| 12:14 | Scroll of Town Portal |
| 13:08 | Orc Burrow |
| 13:08 | Orc Burrow |
| 13:09 | Orc Burrow |
| 13:09 | Orc Burrow |
| 13:45 | Liquid Fire |
| 13:48 | Troll Batrider |
| 14:39 | War Stomp |
| 14:45 | Troll Batrider |
| 14:45 | Troll Batrider |
| 14:46 | Troll Batrider |
| 15:15 | Thorium Armor |
| 15:17 | Peon |
| 15:17 | Peon |
| 15:17 | Peon |
| 16:07 | Tiny Great Hall |
| 16:30 | Troll Batrider |
| 16:44 | Troll Batrider |
| 17:16 | Troll Batrider |
| 17:16 | Troll Batrider |
| 17:16 | Troll Batrider |
| 17:26 | Troll Batrider |
| 18:04 | Troll Batrider |
| 18:04 | Troll Batrider |
| 18:29 | Troll Batrider |
| 18:29 | Troll Batrider |
| 18:40 | Troll Batrider |
| 18:45 | Peon |
| 18:45 | Peon |
| 18:45 | Peon |
| 19:30 | Troll Batrider |
| 19:31 | Troll Batrider |
| 19:57 | Orb of Lightning |
| 20:35 | Orc Burrow |
| 20:35 | Orc Burrow |
| 20:53 | Reincarnation |
| 21:09 | Great Hall |
| 22:53 | Orc Burrow |
| 23:08 | Troll Batrider |
| 23:08 | Troll Batrider |
| 23:19 | Watch Tower |
| 23:20 | Watch Tower |
| 23:45 | Peon |
| 23:45 | Peon |
| 23:57 | Troll Batrider |
| 24:18 | Healing Salve |
| 24:18 | Lesser Clarity Potion |
| 24:32 | Troll Batrider |
| 24:35 | Spiked Barricades |
| 24:59 | Troll Batrider |
| 25:35 | Troll Batrider |
| 25:35 | Troll Batrider |
| 25:53 | Staff of Teleportation |
| 25:55 | Potion of Lesser Invulnerability |
| 26:29 | Troll Batrider |
| 28:15 | Troll Batrider |
| 28:15 | Troll Batrider |
| 28:15 | Troll Batrider |
| 28:16 | Wind Rider |
| 28:16 | Wind Rider |
| 29:18 | Wind Rider |
| 29:34 | Endurance Aura |
| 29:41 | Wind Rider |
| 31:18 | Wind Rider |
| 31:19 | Wind Rider |
| 31:40 | Great Hall |
| 33:41 | Potion of Lesser Invulnerability |
| 33:46 | Tome of Retraining |
| 33:46 | Retrain Hero |
| 33:48 | Boots of Speed |
| 33:50 | Shockwave |
| 33:50 | Shockwave |
| 33:51 | Endurance Aura |
| 33:52 | Endurance Aura |
| 33:52 | Reincarnation |
| 33:54 | War Stomp |
| Right click | 1778 |
| Select | 581 |
| Build/train/purchase | 165 |
| Select group | 74 |
| Chat | 54 |
| Use ability | 50 |
| Minimap ping | 29 |
| Assign group | 27 |
| Misc. action | 8 |
| Item give/drop | 7 |
| Resource trade | 5 |
| Remove unit | 3 |
213 units @ 29.1k
/ 5.1k
133 buildings @ 18.2k
/ 8.9k


| Potion of Healing | 2 | 300 |
| Scroll of Town Portal | 3 | 1050 |
| Scroll of Healing | 4 | 1000 |
| Boots of Speed | 1 | 250 |
| Periapt of Vitality | 1 | 325 |
| Circlet of Nobility | 1 | 175 |
| total: | 12 | 3100g |
| Peasant | 18 | 1350 | / | 0 |
| Footman | 9 | 1215 | / | 0 |
| Flying Machine | 35 | 3500 | / | 1050 |
| Knight | 14 | 3430 | / | 840 |
| Mortar Team | 7 | 1260 | / | 490 |
| Rifleman | 8 | 1640 | / | 240 |
| total: | 91 | 12395g | / | 2620w |
| Barracks | 1 | 160 | / | 60 |
| Farm | 10 | 800 | / | 200 |
| Altar of Kings | 1 | 180 | / | 50 |
| Town Hall | 1 | 385 | / | 205 |
| Lumber Mill | 1 | 120 | / | 0 |
| Blacksmith | 2 | 280 | / | 120 |
| Arcane Vault | 2 | 260 | / | 60 |
| Gryphon Aviary | 1 | 140 | / | 150 |
| Workshop | 1 | 140 | / | 140 |
| Keep | 1 | 320 | / | 210 |
| Castle | 1 | 360 | / | 210 |
| total: | 20 | 2465g | / | 985w |
| 0:03 | Peasant |
| 0:03 | Peasant |
| 0:03 | Peasant |
| 0:03 | Peasant |
| 0:03 | Peasant |
| 0:19 | Barracks |
| 0:36 | Farm |
| 0:37 | Farm |
| 0:50 | Altar of Kings |
| 0:54 | Peasant |
| 0:58 | Peasant |
| 1:04 | Peasant |
| 1:20 | Footman |
| 1:39 | Footman |
| 1:50 | Farm |
| 1:56 | Farm |
| 2:01 | Footman |
| 2:17 | Footman |
| 2:27 | Peasant |
| 2:33 | Peasant |
| 2:40 | Farm |
| 2:49 | Summon Water Elemental |
| 3:33 | Brilliance Aura |
| 3:46 | Footman |
| 3:47 | Footman |
| 3:54 | Town Hall |
| 4:19 | Farm |
| 4:24 | Lumber Mill |
| 4:27 | Blacksmith |
| 4:52 | Keep |
| 5:04 | Footman |
| 5:53 | Peasant |
| 5:53 | Peasant |
| 5:56 | Brilliance Aura |
| 6:32 | Footman |
| 6:32 | Footman |
| 7:17 | Peasant |
| 7:17 | Peasant |
| 7:17 | Peasant |
| 8:09 | Castle |
| 8:15 | Blacksmith |
| 8:18 | Gryphon Aviary |
| 8:20 | Summon Water Elemental |
| 8:51 | Improved Lumber Harvesting |
| 9:05 | Holy Light |
| 9:19 | Workshop |
| 10:01 | Flying Machine |
| 10:02 | Flying Machine |
| 10:02 | Flying Machine |
| 10:37 | Flying Machine |
| 10:37 | Flying Machine |
| 10:38 | Flying Machine Bombs |
| 10:38 | Flak Cannons |
| 10:44 | Farm |
| 10:47 | Farm |
| 10:59 | Flying Machine |
| 11:27 | Knight |
| 11:27 | Knight |
| 11:27 | Knight |
| 11:45 | Farm |
| 11:47 | Farm |
| 13:26 | Flying Machine |
| 13:27 | Flying Machine |
| 13:27 | Flying Machine |
| 13:27 | Flying Machine |
| 13:35 | Flying Machine |
| 13:36 | Knight |
| 13:36 | Animal War Training |
| 13:40 | Advanced Lumber Harvesting |
| 13:44 | Iron Forged Swords |
| 13:44 | Black Gunpowder |
| 15:19 | Peasant |
| 15:20 | Peasant |
| 15:20 | Peasant |
| 15:23 | Steel Forged Swords |
| 15:29 | Flying Machine |
| 15:30 | Flying Machine |
| 15:31 | Knight |
| 15:31 | Knight |
| 15:38 | Knight |
| 15:44 | Flying Machine |
| 15:44 | Flying Machine |
| 15:45 | Flying Machine |
| 15:45 | Flying Machine |
| 15:45 | Flying Machine |
| 15:46 | Flying Machine |
| 16:10 | Boots of Speed |
| 16:11 | Scroll of Town Portal |
| 16:15 | Periapt of Vitality |
| 16:16 | Circlet of Nobility |
| 16:16 | Scroll of Healing |
| 16:39 | Divine Shield |
| 17:49 | Summon Water Elemental |
| 18:10 | Holy Light |
| 18:28 | Mortar Team |
| 18:29 | Fragmentation Shards |
| 18:29 | Flare |
| 18:30 | Mortar Team |
| 18:30 | Mortar Team |
| 19:40 | Knight |
| 19:40 | Knight |
| 19:41 | Knight |
| 21:10 | Arcane Vault |
| 21:37 | Flying Machine |
| 21:37 | Flying Machine |
| 21:37 | Flying Machine |
| 21:37 | Flying Machine |
| 22:55 | Divine Shield |
| 23:52 | Flying Machine |
| 23:54 | Mortar Team |
| 23:54 | Mortar Team |
| 23:54 | Mortar Team |
| 23:59 | Knight |
| 23:59 | Knight |
| 23:59 | Knight |
| 23:59 | Knight |
| 24:27 | Arcane Vault |
| 24:57 | Scroll of Healing |
| 25:01 | Scroll of Healing |
| 25:04 | Scroll of Town Portal |
| 25:04 | Potion of Healing |
| 25:50 | Scroll of Town Portal |
| 25:59 | Potion of Healing |
| 26:06 | Flying Machine |
| 26:06 | Mortar Team |
| 27:09 | Flying Machine |
| 27:09 | Flying Machine |
| 27:10 | Flying Machine |
| 27:10 | Flying Machine |
| 27:10 | Flying Machine |
| 28:40 | Flying Machine |
| 28:41 | Flying Machine |
| 28:41 | Flying Machine |
| 28:41 | Flying Machine |
| 28:41 | Flying Machine |
| 29:37 | Scroll of Healing |
| 30:05 | Holy Light |
| 30:48 | Rifleman |
| 30:48 | Rifleman |
| 30:48 | Rifleman |
| 30:48 | Rifleman |
| 30:49 | Rifleman |
| 31:27 | Rifleman |
| 31:27 | Rifleman |
| 32:46 | Rifleman |
| Right click | 1094 |
| Select group | 660 |
| Select | 323 |
| Build/train/purchase | 164 |
| Chat | 83 |
| Assign group | 45 |
| Minimap ping | 27 |
| Use ability | 26 |
| Resource trade | 21 |
| Remove unit | 3 |
| Misc. action | 1 |
| Item give/drop | 1 |
xzz
(96)
(34:25) : 
| Healing Salve | 3 | 300 |
| Lesser Clarity Potion | 5 | 350 |
| Orb of Lightning | 1 | 375 |
| Potion of Healing | 4 | 600 |
| Potion of Mana | 3 | 600 |
| Scroll of Town Portal | 6 | 2100 |
| Boots of Speed | 1 | 250 |
| Staff of Teleportation | 1 | 150 |
| total: | 24 | 4725g |
| Peon | 28 | 2100 | / | 0 |
| Demolisher | 9 | 1980 | / | 450 |
| Troll Batrider | 19 | 3040 | / | 760 |
| Wind Rider | 1 | 265 | / | 40 |
| total: | 57 | 7385g | / | 1250w |
| Watch Tower | 61 | 6710 | / | 4880 |
| Altar of Storms | 1 | 180 | / | 50 |
| Orc Burrow | 8 | 1280 | / | 320 |
| War Mill | 1 | 205 | / | 0 |
| Voodoo Lounge | 2 | 260 | / | 60 |
| Great Hall | 2 | 770 | / | 370 |
| Barracks | 2 | 360 | / | 100 |
| Beastiary | 3 | 435 | / | 420 |
| Stronghold | 1 | 315 | / | 190 |
| Fortress | 1 | 325 | / | 190 |
| total: | 80 | 10200g | / | 6200w |
| 0:05 | Peon |
| 0:05 | Peon |
| 0:08 | Altar of Storms |
| 0:10 | Orc Burrow |
| 0:40 | War Mill |
| 0:46 | Peon |
| 1:08 | Peon |
| 1:20 | Voodoo Lounge |
| 1:28 | Peon |
| 1:43 | Peon |
| 2:01 | Watch Tower |
| 2:07 | Watch Tower |
| 2:10 | Peon |
| 2:10 | Peon |
| 2:15 | Serpent Ward |
| 2:28 | Peon |
| 2:34 | Watch Tower |
| 2:42 | Watch Tower |
| 3:06 | Peon |
| 3:06 | Peon |
| 3:22 | Watch Tower |
| 3:41 | Stronghold |
| 3:43 | Healing Salve |
| 3:43 | Lesser Clarity Potion |
| 3:55 | Orc Burrow |
| 4:15 | Watch Tower |
| 4:47 | Hex |
| 4:53 | Great Hall |
| 5:00 | Barracks |
| 5:30 | Watch Tower |
| 5:32 | Watch Tower |
| 5:33 | Watch Tower |
| 5:35 | Watch Tower |
| 5:37 | Watch Tower |
| 6:02 | Peon |
| 6:02 | Peon |
| 6:05 | Demolisher |
| 6:41 | Boots of Speed |
| 6:45 | Staff of Teleportation |
| 7:06 | Beastiary |
| 7:35 | Demolisher |
| 7:38 | Orc Burrow |
| 7:48 | Peon |
| 8:04 | Peon |
| 8:16 | Watch Tower |
| 8:25 | Troll Batrider |
| 8:31 | Watch Tower |
| 8:32 | Watch Tower |
| 8:54 | Demolisher |
| 8:56 | Troll Batrider |
| 8:57 | Troll Batrider |
| 9:21 | Peon |
| 9:21 | Peon |
| 9:24 | Beastiary |
| 9:48 | Serpent Ward |
| 10:16 | Troll Batrider |
| 10:42 | Troll Batrider |
| 11:50 | Fortress |
| 13:22 | Watch Tower |
| 13:30 | Watch Tower |
| 13:32 | Watch Tower |
| 13:33 | Watch Tower |
| 13:34 | Watch Tower |
| 13:36 | Watch Tower |
| 13:39 | Watch Tower |
| 13:47 | Troll Batrider |
| 13:53 | Peon |
| 13:53 | Peon |
| 13:53 | Peon |
| 13:53 | Peon |
| 14:11 | Demolisher |
| 14:13 | Orc Burrow |
| 14:17 | Orc Burrow |
| 14:20 | Orc Burrow |
| 14:22 | Reinforced Defenses |
| 14:24 | Troll Batrider |
| 14:25 | Liquid Fire |
| 14:27 | Burning Oil |
| 14:32 | Healing Salve |
| 14:35 | Lesser Clarity Potion |
| 14:37 | Orb of Lightning |
| 15:14 | Watch Tower |
| 15:16 | Watch Tower |
| 15:16 | Watch Tower |
| 15:17 | Watch Tower |
| 15:18 | Watch Tower |
| 15:19 | Watch Tower |
| 15:23 | Watch Tower |
| 15:32 | Peon |
| 15:32 | Peon |
| 15:32 | Peon |
| 15:35 | Peon |
| 15:35 | Peon |
| 15:36 | Peon |
| 15:36 | Peon |
| 15:45 | Troll Batrider |
| 15:47 | Spiked Barricades |
| 15:57 | Hex |
| 16:14 | Demolisher |
| 16:15 | Troll Regeneration |
| 16:18 | Barracks |
| 16:21 | Troll Batrider |
| 16:44 | Watch Tower |
| 17:00 | Scroll of Town Portal |
| 18:19 | Troll Batrider |
| 18:21 | Demolisher |
| 18:21 | Demolisher |
| 18:28 | Healing Salve |
| 18:31 | Lesser Clarity Potion |
| 18:34 | Potion of Healing |
| 18:35 | Scroll of Town Portal |
| 19:21 | Watch Tower |
| 19:23 | Watch Tower |
| 19:24 | Watch Tower |
| 19:24 | Watch Tower |
| 19:25 | Watch Tower |
| 19:26 | Watch Tower |
| 19:27 | Watch Tower |
| 19:27 | Watch Tower |
| 20:25 | Steel Armor |
| 20:39 | Orc Burrow |
| 20:41 | Orc Burrow |
| 22:45 | Troll Batrider |
| 22:54 | Watch Tower |
| 22:58 | Great Hall |
| 23:03 | Watch Tower |
| 23:05 | Watch Tower |
| 23:08 | Voodoo Lounge |
| 23:11 | Watch Tower |
| 23:17 | Demolisher |
| 23:19 | Troll Batrider |
| 23:55 | Watch Tower |
| 23:56 | Watch Tower |
| 23:57 | Watch Tower |
| 23:58 | Watch Tower |
| 23:59 | Watch Tower |
| 24:00 | Watch Tower |
| 24:32 | Troll Batrider |
| 24:42 | Watch Tower |
| 24:44 | Watch Tower |
| 25:37 | Troll Batrider |
| 25:40 | Serpent Ward |
| 25:51 | Beastiary |
| 26:03 | Lesser Clarity Potion |
| 26:05 | Scroll of Town Portal |
| 26:10 | Potion of Healing |
| 26:17 | Troll Batrider |
| 26:22 | Watch Tower |
| 26:24 | Watch Tower |
| 26:31 | Watch Tower |
| 26:32 | Watch Tower |
| 26:33 | Watch Tower |
| 26:34 | Watch Tower |
| 26:35 | Watch Tower |
| 26:36 | Watch Tower |
| 27:30 | Big Bad Voodoo |
| 28:27 | Watch Tower |
| 28:27 | Watch Tower |
| 28:28 | Watch Tower |
| 28:29 | Watch Tower |
| 28:31 | Troll Batrider |
| 29:19 | Scroll of Town Portal |
| 29:21 | Scroll of Town Portal |
| 29:39 | Troll Batrider |
| 29:39 | Troll Batrider |
| 29:56 | Hex |
| 30:03 | Potion of Mana |
| 30:39 | Demolisher |
| 30:42 | Troll Batrider |
| 30:44 | Potion of Healing |
| 30:54 | Potion of Healing |
| 30:54 | Potion of Mana |
| 31:34 | Lesser Clarity Potion |
| 32:18 | Potion of Mana |
| 32:36 | Scroll of Town Portal |
| 32:50 | Healing Wave |
| 33:15 | Wind Rider |
| Right click | 1460 |
| Select | 555 |
| Use ability | 166 |
| Select group | 133 |
| Build/train/purchase | 125 |
| Chat | 120 |
| Resource trade | 36 |
| Assign group | 23 |
| Item give/drop | 7 |
| Esc | 6 |
| Minimap ping | 6 |
| Misc. action | 3 |

| Rod of Necromancy | 1 | 150 |
| Sacrificial Skull | 1 | 50 |
| Potion of Mana | 4 | 800 |
| Potion of Healing | 4 | 600 |
| Orb of Corruption | 1 | 375 |
| Lesser Clarity Potion | 1 | 70 |
| Dust of Appearance | 1 | 75 |
| Scroll of Town Portal | 4 | 1400 |
| Scroll of Healing | 2 | 500 |
| Boots of Speed | 1 | 250 |
| Potion of Lesser Invulnerability | 2 | 300 |
| total: | 22 | 4570g |
| Acolyte | 20 | 1500 | / | 0 |
| Ghoul | 10 | 1200 | / | 0 |
| Gargoyle | 15 | 2625 | / | 450 |
| Obsidian Statue | 8 | 1600 | / | 280 |
| Crypt Fiend | 5 | 1075 | / | 200 |
| Abomination | 1 | 240 | / | 70 |
| Meat Wagon | 2 | 460 | / | 100 |
| Banshee | 4 | 620 | / | 120 |
| total: | 65 | 9320g | / | 1220w |
| Nerubian Tower | 4 | 400 | / | 80 |
| Spirit Tower | 5 | 725 | / | 200 |
| Crypt | 4 | 800 | / | 200 |
| Altar of Darkness | 1 | 180 | / | 50 |
| Ziggurat | 18 | 2700 | / | 900 |
| Tomb of Relics | 1 | 130 | / | 30 |
| Necropolis | 4 | 900 | / | 0 |
| Graveyard | 1 | 215 | / | 0 |
| Slaughterhouse | 2 | 280 | / | 270 |
| Temple of the Damned | 2 | 310 | / | 280 |
| Halls of the Dead | 1 | 320 | / | 210 |
| Black Citadel | 1 | 325 | / | 230 |
| total: | 33 | 5515g | / | 1730w |
| 0:01 | Acolyte |
| 0:05 | Crypt |
| 0:08 | Altar of Darkness |
| 0:11 | Crypt |
| 0:27 | Ziggurat |
| 0:34 | Acolyte |
| 0:53 | Tomb of Relics |
| 1:11 | Ghoul |
| 1:22 | Ziggurat |
| 1:30 | Ghoul |
| 1:43 | Ghoul |
| 2:00 | Ghoul |
| 2:15 | Rod of Necromancy |
| 2:16 | Sacrificial Skull |
| 2:26 | Acolyte |
| 2:31 | Carrion Beetles |
| 2:35 | Ghoul |
| 2:53 | Ghoul |
| 3:18 | Nerubian Tower |
| 3:28 | Acolyte |
| 3:30 | Impale |
| 3:41 | Acolyte |
| 3:54 | Acolyte |
| 3:59 | Dust of Appearance |
| 4:11 | Acolyte |
| 4:27 | Acolyte |
| 4:28 | Ziggurat |
| 4:47 | Acolyte |
| 4:47 | Acolyte |
| 4:49 | Carrion Beetles |
| 5:44 | Halls of the Dead |
| 5:45 | Necropolis |
| 5:46 | Nerubian Tower |
| 5:50 | Ghoul |
| 5:51 | Graveyard |
| 6:07 | Ziggurat |
| 6:26 | Ghoul |
| 6:27 | Ghoul |
| 6:52 | Ghoul |
| 6:54 | Ziggurat |
| 8:09 | Crypt |
| 8:10 | Crypt |
| 8:24 | Impale |
| 8:51 | Potion of Mana |
| 8:53 | Scroll of Town Portal |
| 8:54 | Potion of Healing |
| 8:54 | Potion of Mana |
| 9:09 | Gargoyle |
| 9:12 | Creature Attack |
| 9:17 | Gargoyle |
| 9:33 | Spirit Tower |
| 9:34 | Gargoyle |
| 9:47 | Gargoyle |
| 9:53 | Gargoyle |
| 9:54 | Creature Carapace |
| 10:10 | Spirit Tower |
| 10:14 | Improved Creature Attack |
| 10:15 | Gargoyle |
| 10:40 | Gargoyle |
| 11:06 | Scroll of Town Portal |
| 11:09 | Gargoyle |
| 11:47 | Ziggurat |
| 11:58 | Gargoyle |
| 12:10 | Gargoyle |
| 13:06 | Scroll of Town Portal |
| 13:06 | Potion of Healing |
| 13:07 | Potion of Healing |
| 13:19 | Gargoyle |
| 13:30 | Improved Creature Carapace |
| 14:10 | Carrion Beetles |
| 14:29 | Gargoyle |
| 14:57 | Locust Swarm |
| 15:07 | Black Citadel |
| 15:09 | Acolyte |
| 15:29 | Gargoyle |
| 15:46 | Boots of Speed |
| 15:46 | Scroll of Healing |
| 15:47 | Scroll of Town Portal |
| 15:49 | Potion of Lesser Invulnerability |
| 16:01 | Slaughterhouse |
| 16:10 | Necropolis |
| 16:41 | Burrow |
| 16:57 | Gargoyle |
| 17:42 | Gargoyle |
| 18:01 | Obsidian Statue |
| 18:35 | Slaughterhouse |
| 18:40 | Acolyte |
| 18:40 | Acolyte |
| 19:03 | Crypt Fiend |
| 19:06 | Obsidian Statue |
| 19:12 | Acolyte |
| 19:12 | Acolyte |
| 19:31 | Crypt Fiend |
| 20:02 | Abomination |
| 20:29 | Meat Wagon |
| 20:52 | Web |
| 21:11 | Potion of Mana |
| 21:31 | Obsidian Statue |
| 21:46 | Disease Cloud |
| 21:47 | Obsidian Statue |
| 22:07 | Necropolis |
| 22:42 | Impale |
| 22:46 | Potion of Mana |
| 22:47 | Orb of Corruption |
| 22:52 | Ziggurat |
| 22:53 | Ziggurat |
| 23:01 | Ziggurat |
| 23:44 | Ziggurat |
| 23:45 | Crypt Fiend |
| 24:03 | Ziggurat |
| 24:03 | Acolyte |
| 24:07 | Ziggurat |
| 24:08 | Ziggurat |
| 24:20 | Obsidian Statue |
| 25:05 | Nerubian Tower |
| 25:09 | Obsidian Statue |
| 25:13 | Destroyer Form |
| 26:31 | Meat Wagon |
| 26:33 | Crypt Fiend |
| 26:36 | Temple of the Damned |
| 26:37 | Temple of the Damned |
| 26:55 | Spiked Carapace |
| 27:46 | Spiked Carapace |
| 28:03 | Spirit Tower |
| 28:54 | Ziggurat |
| 28:56 | Ziggurat |
| 29:07 | Necropolis |
| 29:30 | Scroll of Healing |
| 29:31 | Potion of Lesser Invulnerability |
| 29:48 | Obsidian Statue |
| 31:40 | Lesser Clarity Potion |
| 31:53 | Potion of Healing |
| 32:33 | Banshee Adept Training |
| 32:33 | Banshee |
| 33:04 | Crypt Fiend |
| 33:08 | Obsidian Statue |
| 33:16 | Spirit Tower |
| 33:22 | Acolyte |
| 33:22 | Acolyte |
| 33:24 | Ziggurat |
| 33:46 | Banshee |
| 34:10 | Ziggurat |
| 34:11 | Ziggurat |
| 34:14 | Banshee |
| 34:20 | Acolyte |
| 34:21 | Acolyte |
| 34:21 | Nerubian Tower |
| 34:33 | Banshee |
| Right click | 3055 |
| Select group | 2845 |
| Select | 1246 |
| Misc. action | 553 |
| Build/train/purchase | 310 |
| Assign group | 172 |
| Use ability | 109 |
| Chat | 44 |
| Resource trade | 10 |
| Esc | 5 |
| Item give/drop | 3 |
| Remove unit | 3 |
| Minimap ping | 2 |
⇛